 Dungeon Crawl Stone Soup version 0.24.0-37-gcf1ca852f1 (webtiles) character file.

Game seed: 2127200018797696325, levelgen mode: deterministic

466 Mrkan the Covered (level 7, -14/44 HPs)
             Began as a Gargoyle Fighter on Nov 29, 2019.
             Was an Initiate of Okawaru.
             Demolished by an ogre
             ... wielding a +0 giant club
              (19 damage)
             ... on level 5 of the Dungeon.
             The game lasted 00:08:58 (4021 turns).

Mrkan the Covered (Gargoyle Fighter)                Turns: 4021, Time: 00:08:59

Health: -14/44     AC: 14    Str: 21    XL:     7   Next: 8%
Magic:  7/7        EV:  5    Int:  8    God:    Okawaru [......]
Gold:   295        SH: 16    Dex: 10    Spells: 6/6 levels left

rFire    . . .     SeeInvis .   a - +0 flail
rCold    . . .     Gourm    .   n - +2 large shield
rNeg     + . .     Faith    .   b - +0 scale mail
rPois    ∞         Spirit   .   (no helmet)
rElec    +         Reflect  .   (no cloak)
rCorr    .         Harm     .   m - +0 pair of gloves
MR       .....                  v - +0 pair of boots
Stlth    ..........             (no amulet)
HPRegen  0.14/turn              (no ring)
MPRegen  0.10/turn              (no ring)

@: no status effects
A: negative energy resistance 1, electricity resistance, unbreathing,
petrification resistance, rot immunity, AC +4
a: Renounce Religion


You were on level 5 of the Dungeon.
You worshipped Okawaru.
Okawaru was noncommittal.
You were not hungry.

You visited 2 branches of the dungeon, and saw 6 of its levels.

You collected 295 gold pieces.

Inventory:

Hand Weapons
 a - a +0 flail (weapon)
Armour
 b - a +0 scale mail (worn)
 c - a +0 shield
 m - a +0 pair of gloves (worn)
 n - a +2 large shield (worn)
 v - a +0 pair of boots (worn)
Jewellery
 k - a +3 ring of protection {unknown}
 o - an uncursed ring of positive energy {unknown}
 p - an uncursed ring of protection from fire {unknown}
 B - an uncursed ring of flight {unknown}
Scrolls
 e - 4 scrolls of remove curse {unknown}
 h - 7 scrolls of identify {unknown}
 i - a scroll of enchant armour {unknown}
 l - a scroll of fog {unknown}
 s - 5 scrolls of teleportation {unknown}
 t - a scroll of random uselessness {unknown}
 u - a scroll of enchant weapon {unknown}
 w - a scroll of magic mapping {unknown}
 y - a scroll of amnesia {unknown}
Potions
 d - 2 potions of might
 g - 3 potions of heal wounds {unknown}
 j - a potion of lignification {unknown}
 q - 2 potions of magic {unknown}
 r - 2 potions of haste {unknown}
 x - a potion of curing {unknown}
 z - 2 potions of brilliance {unknown}
 A - a potion of agility {unknown}
Comestibles
 f - 9 rations
 C - 7 chunks of flesh


   Skills:
 + Level 4.8 Fighting
 * Level 4.8 Maces & Flails
 + Level 4.8 Armour
 + Level 4.7 Shields


You had 6 spell levels left.
You didn't know any spells.
Your spell library was empty.

Dungeon Overview and Level Annotations

Branches:
Dungeon (5/15)             Temple (1/1) D:4

Altars:
Ashenzari
Cheibriados
Dithmenos
Elyvilon
Fedhas
Gozag
Hepliaklqana
Kikubaaqudgha
Makhleb
Okawaru
Qazlal
Sif Muna
Trog
Uskayaw
Vehumet
Wu Jian
Xom
Yredelemnul
Zin
The Shining One

Annotations:
D:4 3 runed translucent doors, Bstoun's ghost, amateur HOAK


Innate Abilities, Weirdness & Mutations

You are resistant to torment.
Your stone body is resilient. (AC +4)
You are immune to poison.
You resist negative energy. (rN+)
You are resistant to electric shocks. (rElec)
You can survive without breathing.
You are immune to petrification.
You are immune to rotting.


Message History

You thump the ogre!
The ogre is heavily wounded.
The ogre hits you with a +0 giant club! The leopard gecko barely misses you.
You barely miss the ogre.
The ogre is heavily wounded.
You block the leopard gecko's attack. You block the ogre's attack.
The leopard gecko bites you but does no damage.
Your shield prevents you from hitting the ogre.
The ogre is heavily wounded.
The ogre hits you with a +0 giant club. You block the leopard gecko's attack.
You barely miss the ogre.
The ogre is heavily wounded.
You block the leopard gecko's attack.
The ogre hits you with a +0 giant club!!
* * * LOW HITPOINT WARNING * * *
The leopard gecko bites you but does no damage.
You hit the ogre.
The ogre is heavily wounded.
The ogre hits you with a +0 giant club!!
You die...

#............#
#.....######.#
#.#<.........#
####.##...#######
#...............
#.##.###..#.###. #.##.#
#........
######.##.###..#####.
#...O@....#..........
.>...###l####.#.######.
... #....(<..# #
#..............
#l######..##### .. #..#
##. #..# #. ..# ..#


You could see an ogre and a leopard gecko.

Vanquished Creatures
  An ice beast (D:4)
  A phantom (D:2)
  3 worker ants (D:4)
  7 adders
  5 gnolls
  2 oozes
  4 leopard geckos
  11 orcs
  5 giant cockroaches
  10 goblins
  4 hobgoblins
  5 jackals
  6 kobolds
  3 quokkas
  2 ball pythons
  8 bats
  5 frilled lizards
  A leopard gecko skeleton (D:4)
  5 rats
88 creatures vanquished.

Notes
Turn   | Place    | Note
-------+----------+-------------------------------------------
     0 | D:1      | Mrkan the Gargoyle Fighter began the quest for the Orb.
     0 | D:1      | Reached XP level 1. HP: 14/14 MP: 1/1
    95 | D:1      | Reached XP level 2. HP: 19/19 MP: 2/2
   623 | D:1      | Reached XP level 3. HP: 22/23 MP: 3/3
  1043 | D:2      | Reached XP level 4. HP: 28/29 MP: 4/4
  1260 | D:2      | Noticed a phantom
  1348 | D:2      | Killed a phantom
  1348 | D:2      | Reached XP level 5. HP: 3/33 MP: 5/5
  2392 | D:3      | Reached XP level 6. HP: 39/39 MP: 6/6
  2839 | D:4      | Noticed Bstoun's ghost (amateur HOAK)
  2844 | D:4      | Found a runed translucent gate.
  2844 | D:4      | Found a runed translucent gate.
  2844 | D:4      | Found a runed translucent gate.
  3284 | D:4      | Found a staircase to the Ecumenical Temple.
  3354 | Temple   | Entered the Ecumenical Temple
  3518 | Temple   | Became a worshipper of Warmaster Okawaru
  3704 | D:4      | Noticed an ice beast
  3714 | D:4      | Killed an ice beast
  3714 | D:4      | Reached XP level 7. HP: 44/44 MP: 7/7
  3893 | D:5      | Entered Level 5 of the Dungeon
  4021 | D:5      | Demolished by an ogre

Levels and vault maps discovered:
D:1:      minmay_arrival_open_corners, layout_basic
D:2:      layout_loops_ring, minmay_worlds_worst_comb
D:3:      layout_loops_cross
D:4:      minmay_door_path, layout_basic, minmay_temple_entry_waves,
          gammafunk_ghost_split
D:5:      layout_basic, kennysheep_little_box, ebering_ghost_reflecting_pool,
          first_ration
Temple:   regret_index_temple_chain_breaker

Skill      XL: |  1  2  3  4  5 |
---------------+----------------+-----
Maces & Flails | 3 4 |  4.8
Fighting       | 4 |  4.8
Armour         | 4 |  4.8
Shields        | 4 |  4.7

Action                   |  1- 3 |  4- 6 |  7- 9 || total
-------------------------+-------+-------+-------++-------
Melee: Flail             |    76 |   276 |    33 ||   385
  Eat: Chunk             |       |    10 |     1 ||    11
Armor: Scale mail        |    45 |   152 |     9 ||   206
Dodge: Dodged            |    17 |    90 |     4 ||   111
Block: Shield            |    51 |   123 |       ||   174
       Large shield      |       |    47 |    33 ||    80
